 Dungeon Crawl Stone Soup version 0.30-a0-297-g0ec75d9ef4 (webtiles) character file.

Game seed: 11101825915740201366

10314 purpskrrrp the Skirmisher (level 11, -11/86 HPs)
             Began as a Gnoll Hunter on Oct 19, 2022.
             Was a Priest of Vehumet.
             Mangled by a skeletal warrior
             ... wielding a +0 morningstar
              (15 damage)
             ... on level 10 of the Dungeon.
             The game lasted 00:25:39 (12067 turns).

purpskrrrp the Skirmisher (Gnoll Hunter)           Turns: 12067, Time: 00:25:40

Health: -11/86     AC:  7    Str: 25    XL:     11   Next: 60%
Magic:  0/21       EV: 16    Int:  8    God:    Vehumet [***...]
Gold:   389        SH:  4    Dex: 16    Spells: 17/23 levels left

rFire   . . .      SeeInvis +    H - +5 battleaxe (freeze)
rCold   + + +      Faith    .    (shield currently unavailable)
rNeg    . . .      Spirit   +    K - +4 skin of Zhor {*Englaciate rC+++ SInv}
rPois   .          Reflect  .    (no helmet)
rElec   .          Harm     .    l - +0 cloak
rCorr   .          Rampage  .    (no gloves)
Will    .....                    (no boots)
Stlth   ++++......               B - amulet of guardian spirit
HPRegen 0.34/turn                j - +6 ring of strength
MPRegen 0.17/turn                g - +6 ring of strength

@: no status effects
A: fangs 1, strong nose, distributed training, large bone plates 1, clumsy 1,
cold resistance 1
a: Renounce Religion


You were on level 10 of the Dungeon.
You worshipped Vehumet.
Vehumet was most pleased with you.
You visited 1 branch of the dungeon, and saw 10 of its levels.
You also visited: Sewer.

You collected 1604 gold pieces.
You spent 1215 gold pieces at shops.

Inventory:

Hand Weapons
 a - a +2 shortbow of flaming
 s - a +0 vorpal broad axe
 y - a +0 eveningstar
 z - the +7 captain's cutlass {speed, disarm}
   (You found it on level 5 of the Dungeon)

   Attacks with this weapon are significantly faster.
   It may disarm weapon-wielding foes when striking them, dealing extra damage
   in the process.
 H - a +5 battleaxe of freezing (weapon)
Missiles
 Q - 5 throwing nets
Armour
 c - a +0 leather armour
 l - a +0 cloak (worn)
 m - a +0 ring mail
 p - a +0 scale mail
 G - a +0 robe
 K - the +4 skin of Zhor (worn) {*Englaciate rC+++ SInv}
   (You bought it in a shop on level 7 of the Dungeon)

   It radiates cold, occasionally slowing all nearby creatures who are not
   resistant to cold.
   rC:        It renders you almost immune to cold.
   SInv:      It lets you see invisible.
Jewellery
 g - a +6 ring of strength (right hand)
 j - a +6 ring of strength (left hand)
 q - a ring of protection from cold
 t - a ring of poison resistance
 B - an amulet of guardian spirit (around neck)
 J - a ring of wizardry
 P - a ring of ice
Wands
 D - a wand of digging (2)
 F - a wand of flame (5)
Scrolls
 b - a scroll of immolation
 e - 2 scrolls of silence
 o - 2 scrolls of blinking
 E - 3 scrolls of teleportation
 L - a scroll of amnesia
 M - a scroll of magic mapping
 N - a scroll of enchant weapon
Potions
 d - 2 potions of ambrosia
 f - 4 potions of curing
 h - a potion of berserk rage {unknown}
 i - 4 potions of lignification
 k - 3 potions of cancellation
 n - a potion of heal wounds
 r - 4 potions of brilliance
 u - 2 potions of might
 v - a potion of resistance {unknown}
 w - 3 potions of attraction
 x - 3 potions of mutation
 A - a potion of degeneration {unknown}
 C - 2 potions of flight {unknown}
 I - 2 potions of invisibility
 O - a potion of haste {unknown}


   Skills:
 + Level 8.2 Fighting
 + Level 6.7 Short Blades
 + Level 6.7 Long Blades
 + Level 6.7 Axes
 + Level 6.7 Maces & Flails
 + Level 6.7 Polearms
 + Level 6.7 Staves
 + Level 10.8 Ranged Weapons
 + Level 6.7 Throwing
 + Level 6.7 Armour
 + Level 8.2 Dodging
 + Level 7.1 Stealth
 + Level 6.7 Shields
 + Level 6.7 Unarmed Combat
 + Level 6.7 Spellcasting
 + Level 5.5 Conjurations
 + Level 5.5 Hexes
 + Level 5.5 Summonings
 + Level 5.5 Necromancy
 + Level 5.5 Translocations
 + Level 5.5 Transmutations
 + Level 5.5 Fire Magic
 + Level 5.5 Ice Magic
 + Level 5.5 Air Magic
 + Level 5.5 Earth Magic
 + Level 5.5 Poison Magic
 + Level 7.3 Invocations
 + Level 6.7 Evocations


You had 17 spell levels left.
You knew the following spells:

 Your Spells              Type           Power      Damage    Failure   Level
a - Wereblood             Tmut           11%        N/A       3%          2
b - Magic Dart            Conj           44%        1d5       1%          1
c - Stone Arrow           Conj/Erth      22%        3d8       1%          3

Your spell library contained the following spells:

 Spells                   Type           Power      Damage    Failure   Level
 Hailstorm                Conj/Ice       11%        3d5       1%          3
 Slow                     Hex            44%        N/A       2%          1
 Sublimation of Blood     Necr           11%        N/A       3%          2
 Confusing Touch          Hex            11%        N/A       7%          3
 Vampiric Draining        Necr           11%        2d6       7%          3
 Summon Hydra             Summ           5%         N/A       100%        7


Dungeon Overview and Level Annotations

Branches:
Dungeon (10/15)            Temple (0/1) D:7           Sewer (visited)
   Lair: D:8-11         Orc: D:9-12

Altars:
Cheibriados
Fedhas
Qazlal
Ru
Vehumet

Shops:
D:2 *   D:7 *(!([


Innate Abilities, Weirdness & Mutations

You have very sharp teeth.
Your uncanny sense of smell can sniff out nearby items.
Your experience applies equally to all skills.
You are partially covered in large bone plates. (SH +4)
You are clumsy. (Dex -2)
Your flesh is cold resistant. (rC+)


Message History

You hit the skeletal warrior but do no damage.
The skeletal warrior is moderately damaged.
The skeletal warrior misses you.
You barely miss the skeletal warrior.
The skeletal warrior is moderately damaged.
You radiate an aura of cold.
The skeletal warrior is unaffected.
The skeletal warrior hits you with a +0 morningstar!!
* * * LOW HITPOINT WARNING * * *
You slash the skeletal warrior! You freeze the skeletal warrior.
Your bite misses the skeletal warrior.
The skeletal warrior is moderately damaged.
The skeletal warrior completely misses you.
The skeletal warrior hits you with a +0 morningstar!
* * * LOW HITPOINT WARNING * * *
You feel much better.
The skeletal warrior hits you with a +0 morningstar.
You hit the skeletal warrior.
The skeletal warrior is moderately damaged.
You radiate an aura of cold.
The skeletal warrior is unaffected.
The skeletal warrior hits you with a +0 morningstar!!
* * * LOW HITPOINT WARNING * * *
You feel much better.
The skeletal warrior hits you with a +0 morningstar!
* * * LOW HITPOINT WARNING * * *
You feel much better.
The skeletal warrior hits you with a +0 morningstar!!
* * * LOW HITPOINT WARNING * * *
You slash the skeletal warrior!
You bite the skeletal warrior, but do no damage.
The skeletal warrior is heavily damaged.
You radiate an aura of cold.
The skeletal warrior is unaffected.
The skeletal warrior misses you.
You hit the skeletal warrior but do no damage.
You bite the skeletal warrior, but do no damage.
The skeletal warrior is heavily damaged.
You radiate an aura of cold.
The skeletal warrior is unaffected.
The skeletal warrior hits you with a +0 morningstar!!
* * * LOW HITPOINT WARNING * * *
The skeletal warrior hits you with a +0 morningstar!
You die...

#.###...###....... #
#...#............. #.
#...#.............
#.#####...#.............
#.........#.............
#.........#.............
#.........#.............
#.........#.....##'###..
#.....>@z.#.....#....#..
#.#+#'###.#....##....#..
#..†..#.#....#.....#..
#.....#.#....#.....'..
#.....#.+....#.....#..
#.....#.#....#######..
#.#######.#.............
..........#.............
+#######..#.......###'##


You could see a skeletal warrior.

Vanquished Creatures
  Harold (D:10)
  3 two-headed ogres
  A gargoyle (D:5)
  An unseen horror (D:10)
  Grinder (D:5)
  Eustachio (D:5)
  12 yaks
  A vampire (D:10)
  2 wyverns
  2 steam dragons (D:8)
  5 water moccasins
  2 orc warriors
  4 sky beasts
  A black bear (D:6)
  4 ice beasts
  2 ogres
  2 centaurs
  A phantom (D:4)
  A kobold brigand (D:9)
  Blork the orc (D:5)
  3 gnoll sergeants
  A scorpion (D:4)
  3 bullfrogs
  8 wights (D:6)
  5 killer bees (D:9)
  2 howler monkeys (D:5)
  6 orc priests
  2 hounds
  A gnoll bouda (D:8)
  Crazy Yiuf (D:5)
  9 orc wizards
  5 iguanas
  Robin (D:4)
  24 gnolls
  14 adders
  A white imp (D:6)
  3 ufetubi
  2 worms
  2 dart slugs
  33 orcs
  5 endoplasms
  15 giant cockroaches
  18 goblins
  9 hobgoblins
  7 jackals
  11 kobolds
  5 quokkas
  14 ball pythons
  4 bats
  10 frilled lizards
  9 rats
281 creatures vanquished.

Vanquished Creatures (others)
  A steam dragon (D:8)
  A sky beast (D:8)
2 creatures vanquished.

Grand Total: 283 creatures vanquished

Notes
Turn   | Place    | Note
-------+----------+-------------------------------------------
     0 | D:1      | purpskrrrp the Gnoll Hunter began the quest for the Orb.
     0 | D:1      | Reached XP level 1. HP: 20/20 MP: 1/1
   211 | D:1      | Reached XP level 2. HP: 26/26 MP: 2/2
   645 | D:1      | Identified a scroll of acquirement
   645 | D:1      | Acquired 740 gold pieces
   742 | D:2      | Found Sezesipe's Assorted Antiques.
   751 | D:2      | Bought a scroll labelled QUYVEV AMAULASH for 28 gold pieces
   751 | D:2      | Bought a scroll labelled SYWIEG AZIDOOF for 28 gold pieces
   751 | D:2      | Bought a scroll labelled UGUVAOCRU for 28 gold pieces
   751 | D:2      | Bought a scroll labelled QUYVEV AMAULASH for 28 gold pieces
   751 | D:2      | Bought a metallic coppery potion for 25 gold pieces
   816 | D:2      | Reached XP level 3. HP: 31/31 MP: 3/3
   949 | D:2      | Reached skill level 1 in Invocations
  1025 | D:2      | Reached skill level 1 in Short Blades
  1025 | D:2      | Reached skill level 1 in Long Blades
  1025 | D:2      | Reached skill level 1 in Axes
  1025 | D:2      | Reached skill level 1 in Maces & Flails
  1025 | D:2      | Reached skill level 1 in Polearms
  1025 | D:2      | Reached skill level 1 in Staves
  1025 | D:2      | Reached skill level 1 in Throwing
  1025 | D:2      | Reached skill level 1 in Armour
  1025 | D:2      | Reached skill level 1 in Shields
  1025 | D:2      | Reached skill level 1 in Unarmed Combat
  1025 | D:2      | Reached skill level 1 in Spellcasting
  1025 | D:2      | Reached skill level 1 in Evocations
  1126 | D:2      | Reached XP level 4. HP: 38/38 MP: 5/5
  1550 | D:3      | Found a glowing drain.
  1558 | D:3      | Reached skill level 1 in Conjurations
  1558 | D:3      | Reached skill level 1 in Hexes
  1558 | D:3      | Reached skill level 1 in Summonings
  1558 | D:3      | Reached skill level 1 in Necromancy
  1558 | D:3      | Reached skill level 1 in Translocations
  1558 | D:3      | Reached skill level 1 in Transmutations
  1558 | D:3      | Reached skill level 1 in Fire Magic
  1558 | D:3      | Reached skill level 1 in Ice Magic
  1558 | D:3      | Reached skill level 1 in Air Magic
  1558 | D:3      | Reached skill level 1 in Earth Magic
  1558 | D:3      | Reached skill level 1 in Poison Magic
  1564 | Sewer    | Entered a sewer
  1740 | Sewer    | Reached XP level 5. HP: 43/43 MP: 5/7
  1810 | Sewer    | Reached XP level 6. HP: 17/50 MP: 8/8
  2223 | D:3      | Reached skill level 5 in Fighting
  2223 | D:3      | Reached skill level 5 in Dodging
  3320 | D:4      | Reached XP level 7. HP: 56/56 MP: 10/10
  3337 | D:4      | Found a radiant altar of Vehumet.
  3475 | D:4      | Found a blossoming altar of Fedhas.
  3601 | D:4      | Reached skill level 9 in Ranged Weapons
  4247 | D:4      | Noticed Robin
  4271 | D:4      | Killed Robin
  4722 | D:4      | Became a worshipper of Vehumet
  4756 | D:5      | Entered Level 5 of the Dungeon
  4806 | D:5      | Found a runed translucent door.
  4807 | D:5      | Noticed Crazy Yiuf
  4893 | D:5      | Reached XP level 8. HP: 40/63 MP: 12/12
  4979 | D:5      | Found the +7 captain's cutlass {speed, disarm}
  4984 | D:5      | Noticed Grinder
  4993 | D:5      | Paralysed by Grinder for 5 turns
  4998 | D:5      | Killed Grinder
  5047 | D:5      | Noticed a gargoyle
  5177 | D:5      | Noticed Blork the orc
  5188 | D:5      | Killed Blork the orc
  5480 | D:5      | Learned a level 2 spell: Wereblood
  5643 | D:5      | Noticed Eustachio
  5652 | D:5      | Killed Eustachio
  5653 | D:5      | Reached XP level 9. HP: 61/69 MP: 12/15
  6319 | D:5      | Killed Crazy Yiuf
  6446 | D:6      | Reached * piety under Vehumet
  6446 | D:6      | Offered knowledge of Magic Dart by Vehumet.
  6513 | D:6      | Learned a level 1 spell: Magic Dart
  6578 | D:6      | Reached skill level 5 in Stealth
  6860 | D:6      | Reached skill level 5 in Invocations
  7410 | D:5      | Killed a gargoyle
  7736 | D:7      | Found a snail-covered altar of Cheibriados.
  7736 | D:7      | Found a sacrificial altar of Ru.
  7768 | D:7      | Found Wipnuaga's General Store.
  7780 | D:7      | Reached skill level 5 in Short Blades
  7780 | D:7      | Reached skill level 5 in Long Blades
  7780 | D:7      | Reached skill level 5 in Axes
  7780 | D:7      | Reached skill level 5 in Maces & Flails
  7780 | D:7      | Reached skill level 5 in Polearms
  7780 | D:7      | Reached skill level 5 in Staves
  7780 | D:7      | Reached skill level 5 in Throwing
  7780 | D:7      | Reached skill level 5 in Armour
  7780 | D:7      | Reached skill level 5 in Shields
  7780 | D:7      | Reached skill level 5 in Unarmed Combat
  7780 | D:7      | Reached skill level 5 in Spellcasting
  7780 | D:7      | Reached skill level 5 in Evocations
  7780 | D:7      | Reached XP level 10. HP: 71/77 MP: 14/17
  7781 | D:7      | Bought the +4 skin of Zhor {*Englaciate rC+++ SInv} for 798
                  | gold pieces
  7781 | D:7      | Found the +4 skin of Zhor {*Englaciate rC+++ SInv}
  7826 | D:7      | Found Voppal's Antique Weapon Boutique.
  7932 | D:7      | Found a staircase to the Ecumenical Temple.
  7984 | D:7      | Found Nier's Antique Armour Boutique.
  7992 | D:7      | Found Sumuj's Weapon Shoppe.
  8218 | D:7      | Found Hafan's Distillery.
  8221 | D:7      | Bought a potion of curing for 42 gold pieces
  8221 | D:7      | Bought a potion of heal wounds for 70 gold pieces
  8221 | D:7      | Bought a potion of might for 56 gold pieces
  8221 | D:7      | Bought a potion of mutation for 112 gold pieces
  8222 | D:7      | Gained mutation: Your flesh is cold resistant. (rC+)
                  | [potion of mutation]
  8222 | D:7      | Gained mutation: You are partially covered in large bone
                  | plates. (SH +4) [potion of mutation]
  8222 | D:7      | Gained mutation: You are clumsy. (Dex -2) [potion of
                  | mutation]
  8281 | D:8      | Noticed a two-headed ogre
  8291 | D:8      | Killed a two-headed ogre
  8292 | D:8      | Reached skill level 10 in Ranged Weapons
  8709 | D:8      | Offered knowledge of Static Discharge by Vehumet.
  9097 | D:8      | Reached ** piety under Vehumet
  9294 | D:8      | HP: 2/79 [something (13)]
 10199 | D:9      | Offered knowledge of Stone Arrow by Vehumet.
 10405 | D:9      | Reached *** piety under Vehumet
 10449 | D:9      | Reached skill level 5 in Conjurations
 10449 | D:9      | Reached skill level 5 in Hexes
 10449 | D:9      | Reached skill level 5 in Summonings
 10449 | D:9      | Reached skill level 5 in Necromancy
 10449 | D:9      | Reached skill level 5 in Translocations
 10449 | D:9      | Reached skill level 5 in Transmutations
 10449 | D:9      | Reached skill level 5 in Fire Magic
 10449 | D:9      | Reached skill level 5 in Ice Magic
 10449 | D:9      | Reached skill level 5 in Air Magic
 10449 | D:9      | Reached skill level 5 in Earth Magic
 10449 | D:9      | Reached skill level 5 in Poison Magic
 10449 | D:9      | Reached XP level 11. HP: 85/85 MP: 20/20
 10583 | D:9      | Noticed a two-headed ogre
 10596 | D:9      | Killed a two-headed ogre
 11201 | D:9      | Learned a level 3 spell: Stone Arrow
 11202 | D:10     | Entered Level 10 of the Dungeon
 11405 | D:10     | Noticed a centaur warrior
 11405 | D:10     | Noticed a cyclops
 11406 | D:10     | Noticed a skeletal warrior
 11411 | D:10     | Noticed a white ugly thing
 11413 | D:10     | Noticed a six-headed hydra
 11413 | D:10     | Noticed a manticore
 11414 | D:10     | Offered knowledge of Hailstorm by Vehumet.
 11414 | D:10     | Noticed a tengu warrior
 11431 | D:10     | Noticed a boulder beetle
 11441 | D:10     | Noticed a green ugly thing
 11738 | D:10     | Found a stormy altar of Qazlal.
 11742 | D:10     | Noticed a two-headed ogre
 11748 | D:10     | Killed a two-headed ogre
 11894 | D:10     | Noticed Harold
 11902 | D:10     | Killed Harold
 12067 | D:10     | HP: 4/86 [skeletal warrior/+0 morningstar (20)]
 12067 | D:10     | Mangled by a skeletal warrior

Illustrated notes

Levels and vault maps discovered:
D:1:      tarquinn_simple_flora_water_c, layout_basic
D:2:      layout_loops_cross, serial_shops, shop, minmay_tree_intersection
D:3:      layout_basic, portal_sewer_entry_a, chequers_jeans, nrook_uturn,
          minmay_hedge_maze, nicolae_elevator_lobby_asterisk
D:4:      kennysheep_goblin_castle, layout_loops_ring, old_standard_altar,
          fedhas_altar_1, kennysheep_orc_chapel
D:5:      layout_basic, patterned_corridor, uniq_grinder, uniq_eustachio,
          uniq_crazy_yiuf_cottage, uniq_blork_the_orc
D:6:      layout_rooms
D:7:      layout_loops_ring, gammafunk_temple_overflow_statue,
          minmay_temple_entry_from_below_b, serial_shops, kennysheep_mini_moat,
          nicolae_diamond_shop, nicolae_shop_window_shopping, shop, shop
D:8:      layout_loops_corners, grunt_ministairs_6, hangedman_misty_isle
D:9:      layout_loops_ring, ebering_dispersal_statue_hall,
          small_statue_intersection, minmay_misc_feat_encased,
          lightli_orcish_oven
D:10:     layout_irregular_city, nicolae_qazlal_style_of_elements, minivault_12,
          uniq_harold

Skill      XL: |  1  2  3  4  5  6  7  8  9 10 11 |
---------------+----------------------------------+-----
Invocations    | 1 2 3 4 5 6 7 |  7.3
Short Blades   | 1 2 3 4 5 6 |  6.7
Long Blades    | 1 2 3 4 5 6 |  6.7
Axes           | 1 2 3 4 5 6 |  6.7
Maces & Flails | 1 2 3 4 5 6 |  6.7
Polearms       | 1 2 3 4 5 6 |  6.7
Staves         | 1 2 3 4 5 6 |  6.7
Throwing       | 1 2 3 4 5 6 |  6.7
Armour         | 1 2 3 4 5 6 |  6.7
Shields        | 1 2 3 4 5 6 |  6.7
Unarmed Combat | 1 2 3 4 5 6 |  6.7
Spellcasting   | 1 2 3 4 5 6 |  6.7
Evocations     | 1 2 3 4 5 6 |  6.7
Conjurations   | 1 2 3 4 5 |  5.5
Hexes          | 1 2 3 4 5 |  5.5
Summonings     | 1 2 3 4 5 |  5.5
Necromancy     | 1 2 3 4 5 |  5.5
Translocations | 1 2 3 4 5 |  5.5
Transmutations | 1 2 3 4 5 |  5.5
Fire Magic     | 1 2 3 4 5 |  5.5
Ice Magic      | 1 2 3 4 5 |  5.5
Air Magic      | 1 2 3 4 5 |  5.5
Earth Magic    | 1 2 3 4 5 |  5.5
Poison Magic   | 1 2 3 4 5 |  5.5
Stealth        | 3 4 5 6 7 |  7.1
Fighting       | 5 6 7 8 |  8.2
Dodging        | 5 6 7 8 |  8.2
Ranged Weapons | 9 10 | 10.8

Action                   |  1- 3 |  4- 6 |  7- 9 | 10-12 || total
-------------------------+-------+-------+-------+-------++-------
Melee: Shortbow          |       |     3 |       |       ||     3
       Cutlass           |       |       |   123 |       ||   123
       Bite              |       |       |    26 |    27 ||    53
       Battleaxe         |       |       |    52 |   227 ||   279
 Fire: Shortbow          |    66 |   168 |   156 |       ||   390
 Cast: Wereblood         |       |       |     1 |     7 ||     8
       Magic Dart        |       |       |     3 |       ||     3
       Stone Arrow       |       |       |       |    13 ||    13
Evoke: Wand              |       |       |     5 |       ||     5
  Use: Scroll            |     8 |     4 |     6 |     6 ||    24
       Potion            |       |       |       |     4 ||     4
 Stab: Sleeping          |       |       |       |     3 ||     3
       Distracted        |       |       |       |     1 ||     1
Armor: Leather armour    |     3 |       |       |       ||     3
       Ring mail         |       |    27 |       |       ||    27
       Scale mail        |       |    12 |    99 |       ||   111
       Animal skin       |       |       |       |    30 ||    30
Dodge: Dodged            |     7 |    59 |   195 |   161 ||   422
Block: Other             |       |       |       |    39 ||    39

Table legend: (Time is in decaauts)
 A = Elapsed time spent in this place.
 B = Non-inter-level travel time spent in this place.
 C = Inter-level travel time spent in this place.
 D = Time resting spent in this place.
 E = Time spent auto-exploring this place.
 F = Levels seen in this place.
 G = Mean time per level.
                   A        B        C        D        E       F      G
               +--------+--------+--------+--------+--------+-----+--------+
         Total |  12292 |  11671 |    621 |   1438 |   8440 |  11 | 1117.5 |
       Dungeon |  11606 |  10985 |    621 |   1438 |   7907 |  10 | 1160.6 |
         Sewer |    685 |    685 |      0 |      0 |    533 |   1 |  685.0 |
               +--------+--------+--------+--------+--------+-----+--------+

Top non-repeatable levels by time:
     D:4: 1712 daAuts
     D:8: 1706 daAuts
     D:5: 1643 daAuts
     D:3: 1182 daAuts
     D:7: 1084 daAuts
     D:9: 1065 daAuts
    D:10: 885 daAuts
     D:6: 882 daAuts
     D:2: 744 daAuts
     D:1: 699 daAuts
   Sewer: 685 daAuts
